MLB
ST. LOUIS CARDINALS @ ATLANTA BRAVES
08/09/2047
 
TOP OF THE 1ST
St. Louis Cardinals batting - Pitching for Atlanta Braves : RHP Casey Jones
Pitching: RHP Casey Jones
Batting: LHB Tom Butterbaugh 0-0: Called Strike
0-1: Foul Ball, location: 2F
0-2: Strikes out looking
Batting: LHB Ichiro Toyota 0-0: Ground out U3 (Groundball, 3S, EV 75.0 MPH)
Batting: LHB Pat Sutton 0-0: Called Strike
0-1: Foul Ball, location: 2F
0-2: Ball
1-2: Ball
2-2: Fly out, F7 (Line Drive, 78M, EV 86.9 MPH)
Top of the 1st over - 0 runs, 0 hits, 0 errors, 0 left on base; St. Louis 0 - Atlanta 0
BOTTOM OF THE 1ST
Atlanta Braves batting - Pitching for St. Louis Cardinals : LHP John Fisher
Pitching: LHP John Fisher
Batting: RHB Liangde Li 0-0: Called Strike
0-1: Swinging Strike
0-2: Foul Ball, location: 2F
0-2: Strikes out swinging
Batting: RHB Luis Torres 0-0: Foul Ball, location: 2F
0-1: Ball
1-1: Called Strike
1-2: Foul Ball, location: 2F
1-2: Ball
2-2: Foul Ball, location: 2F
2-2: Ball
3-2: Base on Balls
Batting: SHB Terry Tuckfard 0-0: Ball
1-0: Called Strike
1-1: Ball
Luis Torres is caught stealing 2nd base 2-4
2-1: Ball
3-1: Foul Ball, location: 2F
3-2: Foul Ball, location: 2F
3-2: Foul Ball, location: 2F
3-2: Base on Balls
Batting: RHB Ike Trout 0-0: Called Strike
Terry Tuckfard steals 2nd base
0-1: SINGLE (Groundball, 56, EV 87.5 MPH) (infield hit)
Terry Tuckfard to third
Batting: RHB Xavier Davis 0-0: Called Strike
0-1: Swinging Strike
0-2: Foul Ball, location: 2F
0-2: Strikes out swinging
Bottom of the 1st over - 0 runs, 1 hit, 0 errors, 2 left on base; St. Louis 0 - Atlanta 0
TOP OF THE 2ND
St. Louis Cardinals batting - Pitching for Atlanta Braves : RHP Casey Jones
Batting: LHB Armando Carbajal 0-0: Ball
1-0: Ball
2-0: Ball
3-0: DOUBLE (Line Drive, 7LS, EV 102.5 MPH)
Batting: RHB Tenshou Takita 0-0: Foul Ball, location: 2F
0-1: Ball
1-1: Called Strike
1-2: Strikes out swinging, 2-3 out at first.
Batting: RHB Pedro Nin 0-0: Called Strike
0-1: Ball
Wild Pitch!
Armando Carbajal to third
1-1: Ball
2-1: Called Strike
2-2: Strikes out swinging
Batting: RHB Fabrice Bertin 0-0: Ball
1-0: Swinging Strike
1-1: Ball
2-1: Swinging Strike
2-2: Foul Ball, location: 2F
2-2: Foul Ball, location: 2F
2-2: Foul Ball, location: 2F
2-2: Strikes out swinging
Top of the 2nd over - 0 runs, 1 hit, 0 errors, 1 left on base; St. Louis 0 - Atlanta 0
BOTTOM OF THE 2ND
Atlanta Braves batting - Pitching for St. Louis Cardinals : LHP John Fisher
Batting: RHB Jared Speck 0-0: Called Strike
0-1: Ball
1-1: Fly out, F9 (Flyball, 9S, EV 88.8 MPH)
Batting: RHB Alex Rodriguez Jr. 0-0: Ball
1-0: Ball
2-0: Called Strike
2-1: Ball
3-1: Foul Ball, location: 2F
3-2: Base on Balls
Batting: RHB Rich Stinson 0-0: SINGLE (Groundball, 56D, EV 88.1 MPH) (infield hit)
Alex Rodriguez Jr. to second
Batting: RHB Jordan Martin 0-0: SINGLE (Groundball, 56S, EV 66.9 MPH) (infield hit)
Alex Rodriguez Jr. to third
Rich Stinson to second
Batting: RHB Liangde Li 0-0: Ball
1-0: Ball
2-0: Foul Ball, location: 2F
2-1: Ball
3-1: Base on Balls
Alex Rodriguez Jr. scores
Rich Stinson to third
Jordan Martin to second
Batting: RHB Luis Torres 0-0: Ball
1-0: SINGLE (Line Drive, 34D, EV 97.5 MPH)
Rich Stinson scores
Jordan Martin to third
Liangde Li to second
Runner from 3rd tries for Home, throw by RF and OUT! 9-2
Liangde Li to third
Luis Torres to second
Batting: SHB Terry Tuckfard 0-0: Ball
1-0: Swinging Strike
1-1: Swinging Strike
1-2: Ball
2-2: Strikes out swinging
Bottom of the 2nd over - 2 runs, 3 hits, 0 errors, 2 left on base; St. Louis 0 - Atlanta 2
TOP OF THE 3RD
St. Louis Cardinals batting - Pitching for Atlanta Braves : RHP Casey Jones
Batting: SHB Jason Kirby 0-0: Called Strike
0-1: Swinging Strike
0-2: Ball
1-2: Foul Ball, location: 2F
1-2: Ball
2-2: Ball
3-2: Strikes out looking
Batting: RHB Terry Baginski 0-0: Ball
1-0: Ground out U3 (Groundball, 34, EV 91.9 MPH)
Batting: LHB Tom Butterbaugh 0-0: Called Strike
0-1: Ground out 1-3 (Groundball, 23, EV 72.5 MPH)
Top of the 3rd over - 0 runs, 0 hits, 0 errors, 0 left on base; St. Louis 0 - Atlanta 2
BOTTOM OF THE 3RD
Atlanta Braves batting - Pitching for St. Louis Cardinals : LHP John Fisher
Batting: RHB Ike Trout 0-0: Called Strike
0-1: Foul Ball, location: 2F
0-2: Foul Ball, location: 2F
0-2: Ball
1-2: Foul Ball, location: 2F
1-2: Strikes out swinging
Batting: RHB Xavier Davis 0-0: Ball
1-0: Ball
2-0: Swinging Strike
2-1: Swinging Strike
2-2: Strikes out swinging
Batting: RHB Jared Speck 0-0: SOLO HOME RUN (Flyball, 7D, EV 98.8 MPH), Distance : 373 ft
Batting: RHB Alex Rodriguez Jr. 0-0: DOUBLE (Line Drive, 9LD, EV 103.8 MPH)
Batting: RHB Rich Stinson 0-0: DOUBLE (Line Drive, 9LM, EV 93.8 MPH)
Alex Rodriguez Jr. scores
Batting: RHB Jordan Martin 0-0: Ball
1-0: Foul Ball, location: 2F
1-1: Called Strike
1-2: Strikes out looking
Bottom of the 3rd over - 2 runs, 3 hits, 0 errors, 1 left on base; St. Louis 0 - Atlanta 4
TOP OF THE 4TH
St. Louis Cardinals batting - Pitching for Atlanta Braves : RHP Casey Jones
Batting: LHB Ichiro Toyota 0-0: Ball
1-0: Ball
2-0: Ball
3-0: Base on Balls
Batting: LHB Pat Sutton 0-0: Swinging Strike
0-1: Called Strike
0-2: Ball
1-2: Strikes out looking
Batting: LHB Armando Carbajal 0-0: Ball
1-0: Foul Ball, location: 2F
1-1: Foul Ball, location: 2F
1-2: Ball
2-2: Ball
3-2: Base on Balls
Ichiro Toyota to second
Batting: RHB Tenshou Takita 0-0: Ball
1-0: Swinging Strike
1-1: Ball
2-1: SINGLE (Line Drive, 4D, EV 97.5 MPH)
Ichiro Toyota to third
Armando Carbajal to second
Batting: RHB Pedro Nin 0-0: Ball
1-0: Ball
2-0: Foul Ball, location: 2F
2-1: Swinging Strike
Passed Ball!
Ichiro Toyota scores
Armando Carbajal to third
Tenshou Takita to second
2-2: Ball
3-2: Ground out 5-3 (Groundball, 56, EV 104.4 MPH)
Armando Carbajal scores
Batting: RHB Fabrice Bertin 0-0: SINGLE (Groundball, 56, EV 104.4 MPH) (infield hit)
Tenshou Takita to third
Batting: SHB Jason Kirby 0-0: Called Strike
0-1: Called Strike
0-2: Foul Ball, location: 2F
0-2: Fly out, F7 (Flyball, 7, EV 86.9 MPH)
Top of the 4th over - 2 runs, 2 hits, 0 errors, 2 left on base; St. Louis 2 - Atlanta 4
BOTTOM OF THE 4TH
Atlanta Braves batting - Pitching for St. Louis Cardinals : LHP John Fisher
Batting: RHB Liangde Li 0-0: Called Strike
0-1: Ground out 4-3 (Groundball, 4S, EV 58.1 MPH)
Batting: RHB Luis Torres 0-0: Ball
1-0: Ball
2-0: SINGLE (Flyball, 3D, EV 90.0 MPH)
Batting: SHB Terry Tuckfard 0-0: DOUBLE (Flyball, 89D, EV 95.6 MPH)
Luis Torres to third
Batting: RHB Ike Trout 0-0: Fly out, F8 (Flyball, 8LM, EV 83.1 MPH)
Batting: RHB Xavier Davis 0-0: Swinging Strike
0-1: Swinging Strike
0-2: Ball
1-2: Strikes out looking
Bottom of the 4th over - 0 runs, 2 hits, 0 errors, 2 left on base; St. Louis 2 - Atlanta 4
TOP OF THE 5TH
St. Louis Cardinals batting - Pitching for Atlanta Braves : RHP Casey Jones
Batting: RHB Terry Baginski 0-0: Ball
1-0: Ball
2-0: Ball
3-0: Base on Balls
Batting: LHB Tom Butterbaugh 0-0: Ground out 4-3 (Groundball, 4M, EV 98.8 MPH)
Terry Baginski to second
Batting: LHB Ichiro Toyota 0-0: SINGLE (Line Drive, 3D, EV 107.5 MPH)
Terry Baginski to third
Batting: LHB Pat Sutton 0-0: Called Strike
0-1: Foul Ball, location: 2F
0-2: Ball
1-2: Foul Ball, location: 2F
1-2: Strikes out swinging
Batting: LHB Armando Carbajal 0-0: Ball
1-0: Ball
2-0: Ball
3-0: Base on Balls
Ichiro Toyota to second
Batting: RHB Tenshou Takita 0-0: Foul Ball, location: 2F
0-1: Fly out, F8 (Line Drive, 8LD, EV 104.4 MPH)
Top of the 5th over - 0 runs, 1 hit, 0 errors, 3 left on base; St. Louis 2 - Atlanta 4
BOTTOM OF THE 5TH
Atlanta Braves batting - Pitching for St. Louis Cardinals : LHP John Fisher
Batting: RHB Jared Speck 0-0: Foul Ball, location: 2F
0-1: Foul Ball, location: 2F
0-2: Ball
1-2: SINGLE (Groundball, 56D, EV 103.8 MPH)
Batting: RHB Alex Rodriguez Jr. 0-0: Ball
1-0: Ball
2-0: Foul Ball, location: 2F
2-1: Called Strike
2-2: Ball
3-2: Base on Balls
Jared Speck to second
Batting: RHB Rich Stinson 0-0: Called Strike
0-1: Called Strike
0-2: Foul Ball, location: 2F
0-2: Ball
1-2: Ball
2-2: Strikes out swinging
Batting: RHB Jordan Martin 0-0: Ball
1-0: DOUBLE (Flyball, 7LD, EV 103.1 MPH)
Jared Speck scores
Alex Rodriguez Jr. to third
Runner from 3rd tries for Home, SAFE, throw by LF to trailing runner, SAFE at third!
Pitching: RHP Derek White
Batting: RHB Liangde Li 0-0: Foul Ball, location: 2F
0-1: Swinging Strike
0-2: Ball
1-2: Ball
2-2: Foul Ball, location: 2F
2-2: Ground out U3 (Groundball, 34, EV 90.6 MPH)
Jordan Martin scores
Batting: RHB Luis Torres 0-0: TRIPLE (Line Drive, 9LD, EV 101.9 MPH)
Batting: SHB Terry Tuckfard 0-0: Ball
1-0: Foul Ball, location: 2F
1-1: Swinging Strike
1-2: Strikes out looking
Bottom of the 5th over - 3 runs, 3 hits, 0 errors, 1 left on base; St. Louis 2 - Atlanta 7
TOP OF THE 6TH
St. Louis Cardinals batting - Pitching for Atlanta Braves : RHP Casey Jones
Batting: RHB Pedro Nin 0-0: Ground out 6-3 (Groundball, P, EV 85.6 MPH)
Batting: RHB Fabrice Bertin 0-0: Ball
1-0: Ball
2-0: Called Strike
2-1: Fly out, F9 (Line Drive, 89M, EV 96.9 MPH)
Batting: SHB Jason Kirby 0-0: Foul Ball, location: 2F
0-1: Ball
1-1: Swinging Strike
1-2: Strikes out swinging
Top of the 6th over - 0 runs, 0 hits, 0 errors, 0 left on base; St. Louis 2 - Atlanta 7
BOTTOM OF THE 6TH
Atlanta Braves batting - Pitching for St. Louis Cardinals : RHP Derek White
Batting: RHB Ike Trout 0-0: Hit by Pitch
Batting: RHB Xavier Davis 0-0: Ball
1-0: Called Strike
1-1: Swinging Strike
1-2: Strikes out looking
Batting: RHB Jared Speck 0-0: Foul Ball, location: 2F
0-1: Swinging Strike
0-2: SINGLE (Groundball, 6MD, EV 100.6 MPH)
Ike Trout to second
Runner from 2nd tries for 3rd, SAFE, throw by CF made to third
Batting: RHB Alex Rodriguez Jr. 0-0: SINGLE (Groundball, 34D, EV 93.8 MPH)
Ike Trout scores
Jared Speck to second
Runner from 2nd tries for 3rd, SAFE, throw by RF made to third
Alex Rodriguez Jr. to second
Batting: RHB Rich Stinson 0-0: Called Strike
0-1: Foul Ball, location: 2F
0-2: Foul Ball, location: 2F
0-2: Strikes out swinging
Batting: RHB Jordan Martin 0-0: Foul Ball, location: 2F
0-1: Ball
1-1: SINGLE (Groundball, 5S, EV 71.2 MPH) (infield hit)
Jared Speck scores
Alex Rodriguez Jr. to third
Pinch Runner at 1st Cody Schumacher:
Batting: RHB Liangde Li 0-0: SINGLE (Groundball, 56S, EV 63.8 MPH) (infield hit)
Alex Rodriguez Jr. scores
Cody Schumacher to second
Batting: RHB Luis Torres 0-0: Ball
1-0: Called Strike
1-1: Swinging Strike
1-2: Foul Ball, location: 2F
1-2: Ball
2-2: SINGLE (Groundball, 6MD, EV 100.0 MPH)
Cody Schumacher to third
Liangde Li to second
Runner from 3rd tries for Home, SAFE, throw by CF to home
Batting: SHB Terry Tuckfard 0-0: Called Strike
0-1: Foul Ball, location: 2F
0-2: Ball
1-2: Foul Ball, location: 2F
1-2: Ball
2-2: Foul Ball, location: 2F
2-2: Strikes out swinging
Bottom of the 6th over - 4 runs, 5 hits, 0 errors, 2 left on base; St. Louis 2 - Atlanta 11
TOP OF THE 7TH
St. Louis Cardinals batting - Pitching for Atlanta Braves : RHP Casey Jones
Batting: RHB Terry Baginski 0-0: Ground out 4-3 (Groundball, 4, EV 101.9 MPH)
Batting: LHB Tom Butterbaugh 0-0: Ball
1-0: Ball
2-0: Called Strike
2-1: Ball
3-1: Base on Balls
Batting: LHB Ichiro Toyota 0-0: Ball
1-0: Foul Ball, location: 2F
1-1: SINGLE (Groundball, 34D, EV 108.8 MPH)
Tom Butterbaugh to second
Runner from 2nd tries for 3rd, SAFE, throw by RF made to third
Ichiro Toyota to second
Pitching: RHP Tim Kull
Batting: LHB Pat Sutton 0-0: Called Strike
0-1: Fly out, F5 (Popup, 25, EV 76.9 MPH)
Batting: LHB Armando Carbajal 0-0: Called Strike
0-1: Called Strike
0-2: Ball
1-2: Ball
2-2: Foul Ball, location: 2F
2-2: Ball
3-2: Foul Ball, location: 2F
3-2: Strikes out looking
Top of the 7th over - 0 runs, 1 hit, 0 errors, 2 left on base; St. Louis 2 - Atlanta 11
BOTTOM OF THE 7TH
Atlanta Braves batting - Pitching for St. Louis Cardinals : RHP Derek White
Batting: RHB Ike Trout 0-0: Foul Ball, location: 2F
0-1: Ground out 3-1 (Groundball, 13, EV 84.4 MPH)
Batting: RHB Xavier Davis 0-0: Ball
1-0: Foul Ball, location: 2F
1-1: Ball
2-1: Swinging Strike
2-2: Ball
3-2: Strikes out swinging
Batting: RHB Jared Speck 0-0: Ball
1-0: Ball
2-0: Ball
3-0: Base on Balls
Batting: RHB Alex Rodriguez Jr. 0-0: Ball
1-0: Ball
2-0: Swinging Strike
2-1: Foul Ball, location: 2F
2-2: Foul Ball, location: 2F
2-2: Ball
3-2: Strikes out looking
Bottom of the 7th over - 0 runs, 0 hits, 0 errors, 1 left on base; St. Louis 2 - Atlanta 11
TOP OF THE 8TH
St. Louis Cardinals batting - Pitching for Atlanta Braves : RHP Tim Kull
Batting: RHB Tenshou Takita 0-0: Ball
1-0: Called Strike
1-1: Foul Ball, location: 2F
1-2: Foul Ball, location: 2F
1-2: Ball
2-2: Ground out 6-3 (Groundball, 6, EV 97.5 MPH)
Batting: RHB Pedro Nin 0-0: Ball
1-0: Ball
2-0: Foul Ball, location: 2F
2-1: Foul Ball, location: 2F
2-2: Ball
3-2: Fly out, F5 (Popup, 5SF, EV 77.5 MPH)
Batting: RHB Fabrice Bertin 0-0: Ball
1-0: SINGLE (Line Drive, 4MD, EV 95.6 MPH)
Batting: SHB Jason Kirby 0-0: Called Strike
0-1: Ball
1-1: Ball
2-1: Called Strike
2-2: Ball
3-2: Strikes out swinging
Top of the 8th over - 0 runs, 1 hit, 0 errors, 1 left on base; St. Louis 2 - Atlanta 11
BOTTOM OF THE 8TH
Atlanta Braves batting - Pitching for St. Louis Cardinals : RHP Derek White
Pitching: RHP Danny Romero
Batting: RHB Rich Stinson 0-0: Called Strike
0-1: Ball
1-1: Ball
2-1: Foul Ball, location: 2F
2-2: Ball
3-2: Fly out, F7 (Flyball, 7, EV 88.8 MPH)
Batting: LHB Cody Schumacher 0-0: Ball
1-0: Fly out, F7 (Flyball, 7D, EV 108.1 MPH)
Batting: RHB Liangde Li 0-0: Ball
1-0: Called Strike
1-1: Ball
2-1: Foul Ball, location: 2F
2-2: Strikes out swinging
Bottom of the 8th over - 0 runs, 0 hits, 0 errors, 0 left on base; St. Louis 2 - Atlanta 11
TOP OF THE 9TH
St. Louis Cardinals batting - Pitching for Atlanta Braves : RHP Tim Kull
Batting: RHB Terry Baginski 0-0: Ball
1-0: Foul Ball, location: 2F
1-1: Foul Ball, location: 2F
1-2: Ball
2-2: Foul Ball, location: 2F
2-2: Foul Ball, location: 2F
2-2: Strikes out looking
Batting: LHB Tom Butterbaugh 0-0: Ball
1-0: Ball
2-0: Called Strike
2-1: Ball
3-1: Ground out U3 (Groundball, 34, EV 100.6 MPH)
Batting: LHB Ichiro Toyota 0-0: Ball
1-0: Called Strike
1-1: Foul Ball, location: 2F
1-2: Ball
2-2: Strikes out swinging
Top of the 9th over - 0 runs, 0 hits, 0 errors, 0 left on base; St. Louis 2 - Atlanta 11
Thursday, December 15th , 2022 - OOTP Baseball 23.9 Build 102